 Dungeon Crawl Stone Soup version 0.31-a0-986-g5e6e4ef867 (webtiles) character file.

Game seed: 5476083456358557711

5355 Dittersdorf the Blocker (level 10, -5/82 HPs)
             Began as a Human Fighter on Nov 7, 2023.
             Killed from afar by a molten gargoyle (22 damage)
             ... with a bolt of magma
             ... on level 9 of the Dungeon.
             The game lasted 00:10:05 (7546 turns).

Dittersdorf the Blocker (Human Fighter)             Turns: 7546, Time: 00:10:06

Health: -5/82      AC: 19    Str: 21    XL:     10   Next: 97%
Magic:  10/10      EV:  8    Int: 14    God:
Gold:   536        SH: 11    Dex: 11    Spells: 9/9 levels left

rFire   + . .        d - +7 Throatcutter {drain, coup de grace}
rCold   + . .        c - +0 buckler
rNeg    . . .        l - +0 chain mail
rPois   +            t - +1 helmet
rElec   .            e - +2 cloak {rPois}
rCorr   .            j - +0 pair of gloves
SInv    .            g - +0 pair of boots
Will    .....        x - amulet of reflection Stlth
                     f - ring of flight
HPRegen 0.33/turn    F - ring "Vost" {rPois rF+ rC+ Int+6 Dex-2}
MPRegen 0.12/turn

%: reflection
@: flying
A: no striking features
a: no special abilities


You were on level 9 of the Dungeon.
You visited 2 branches of the dungeon, and saw 10 of its levels.

You collected 536 gold pieces.

Inventory:

Hand Weapons
 a - a +1 long sword of freezing
 d - the +7 Throatcutter (weapon) {drain, coup de grace}
   (You took it off Terence on level 1 of the Dungeon)
Armour
 c - a +0 buckler (worn)
 e - a +2 cloak of poison resistance (worn)
 g - a +0 pair of boots (worn)
 j - a +0 pair of gloves (worn)
 l - a +0 chain mail (worn)
 s - a +0 plate armour
 t - a +1 helmet (worn)
 v - a scarf of repulsion
 D - a scarf of resistance
Jewellery
 f - a ring of flight (left hand)
 x - an amulet of reflection (around neck)
 y - a ring of ice
 F - the ring "Vost" (right hand) {rPois rF+ rC+ Int+6 Dex-2}
   (You found it on level 8 of the Dungeon)

   [ring of intelligence]

   Int+6:     It affects your intelligence (+6).
   Dex-2:     It affects your dexterity (-2).
   rF+:       It protects you from fire.
   rC+:       It protects you from cold.
   rPois:     It protects you from poison
Wands
 o - a wand of quicksilver (10)
 r - a wand of mindburst (7) (quivered)
 z - a wand of flame (4)
 C - a wand of digging (8)
Scrolls
 h - a scroll of enchant armour
 A - a scroll of enchant weapon
 E - a scroll of teleportation
Potions
 b - a potion of ambrosia
 i - 3 potions of heal wounds
 k - a potion of lignification
 m - 2 potions of resistance {unknown}
 n - 2 potions of berserk rage
 p - 2 potions of brilliance
 q - a potion of mutation {unknown}
 u - a potion of curing
 w - 2 potions of haste
 B - 3 potions of attraction {unknown}
 G - a potion of invisibility {unknown}


   Skills:
 + Level 8.4 Fighting
 + Level 8.0 Long Blades
 + Level 8.4 Armour
 + Level 8.4 Shields


You had 9 spell levels left.
You didn't know any spells.
Your spell library contained the following spells:

 Spells                   Type           Power      Damage    Failure   Level
 Magic Dart               Conj           0%         1d3       88%         1
 Shock                    Conj/Air       0%         1d3       88%         1
 Slow                     Hex            0%         N/A       88%         1
 Confusing Touch          Hex            0%         N/A       99%         3
 Dazzling Flash           Conj/Hex       0%         N/A       99%         3
 Inner Flame              Hex/Fire       0%         N/A       99%         3
 Sigil of Binding         Hex            0%         N/A       99%         3
 Vampiric Draining        Necr           0%         2d6       99%         3
 Volatile Blastmotes      Fire/Tloc      0%         2d10      99%         3
 Anguish                  Hex/Necr       0%         N/A       100%        4
 Brom's Barrelling Bould  Conj/Erth      0%         2d3       100%        4
 Cause Fear               Hex            0%         N/A       100%        4
 Fulminant Prism          Conj/Hex       0%         3d5       100%        4
 Iskenderun's Mystic Bla  Conj/Tloc      0%         2d3       100%        4
 Manifold Assault         Tloc           0%         N/A       100%        4
 Fireball                 Conj/Fire      0%         3d3       100%        5
 Iskenderun's Battlesphe  Conj           0%         2d6       100%        5
 Yara's Violent Unravell  Hex/Tmut       0%         3d3       100%        5
 Conjure Ball Lightning   Conj/Air       0%         3x3d6     100%        6
 Dispersal                Tloc           0%         N/A       100%        6
 Starburst                Conj/Fire      0%         6d3       100%        6
 Enfeeble                 Hex            0%         N/A       100%        7
 Orb of Destruction       Conj           0%         9d5       100%        7
 Disjunction              Tloc           0%         N/A       100%        8
 Maxwell's Capacitive Co  Air            0%         ∞         100%        8


Dungeon Overview and Level Annotations

Branches:
Dungeon (9/15)             Temple (1/1) D:5            Lair (0/5) D:8
    Orc: D:9-12

Altars:
Ashenzari
Cheibriados
Dithmenos
Elyvilon
Hepliaklqana
Kikubaaqudgha
Makhleb
Nemelex Xobeh
Okawaru
Qazlal
Ru
Sif Muna
Trog
Uskayaw
Vehumet
Wu Jian
Xom
Yredelemnul
The Shining One

Shops:
D:1 *((


Message History

a +0 giant club; a +0 giant spiked club
Found a stone staircase leading down.
You now have 502 gold pieces (gained 4).
G - a fizzy grey potion You now have 521 gold pieces (gained 19).
Found a whip.
Found a radiant altar of Vehumet.
You now have 536 gold pieces (gained 15).
You reach down and open the door.
There is an open door here.
As you open the door, it creaks loudly!
Okay, then.
There is an open door here.
A lava snake comes into view.
The lava snake hisses angrily.
Found a scroll of amnesia.
A molten gargoyle comes into view. It is wielding a +0 mace.
The molten gargoyle moves out of view.
A molten gargoyle comes into view. It is wielding a +0 mace.
The molten gargoyle blasts magma at you!
The bolt of magma hits you! You partially resist.
The lava snake spits lava at you.
The glob of lava hits you but does no damage.
A molten gargoyle comes into view. It is wielding a +0 flail.
The molten gargoyle blasts magma at you!
The bolt of magma hits you! You partially resist.
The molten gargoyle blasts magma at you!
The bolt of magma hits the lava snake!
The lava snake partially resists.
The bolt of magma hits you!! You partially resist.
There are monsters nearby!
You are too injured to fight recklessly!
The molten gargoyle blasts magma at you!
The bolt of magma hits you!! You partially resist.
* * * LOW HITPOINT WARNING * * *
You see here a book of the Warp.
You pick up a book of the Warp and begin reading...
You add the spells Manifold Assault, Dispersal and Disjunction to your library.
The molten gargoyle blasts magma at you!
The bolt of magma hits you!! You partially resist.
You die...

#.#.##....# ...#.#
#.#...###' +.#.##....#
#####.###.#...# #.
#.#.......#
..#.......#.###.
#.###.....#
#.#####.#.#..... #.
#.....#
#.##....#.###### #.
##....# #.##.##.#.# #.
...#..# #.##.##.#.#
##.....######.##.##.#.#
#.........@..9...#.#.#
#.#####.####.##..#.#.#
.. .....9...#.#.##
.......#.9#.#.#
.....#.#.#...#.#.#.#.
.........#.##9..≈.≈..
......####.#.#.S§≈≈≈≈
..?... ...# ≈≈≈≈≈≈≈ ...
.##. .≈≈88§≈


You could see 2 molten gargoyles.

Vanquished Creatures
  A two-headed ogre (D:9)
  Pikel (D:4)
  A komodo dragon (D:8)
  3 yaks (D:7)
  2 wraiths
  A wyvern (D:8)
  A steam dragon (D:4)
  Edmund (D:5)
  A water moccasin (D:6)
  An ice beast (D:5)
  4 orc warriors
  A sky beast (D:7)
  2 ogres
  2 black bears
  A phantom (D:5)
  A centaur (D:7)
  A lemure (D:4)
  A kobold brigand (D:7)
  3 bullfrogs
  A gnoll sergeant (D:6)
  A scorpion (D:6)
  4 howler monkeys (D:8)
  4 hounds
  5 orc priests
  4 iguanas
  2 jellies
  A gnoll bouda (D:5)
  2 sleepcaps (D:6)
  Terence (D:1)
  17 orc wizards
  8 gnolls
  6 adders
  A shadow imp (D:6)
  4 white imps
  2 ufetubi (D:6)
  A worm (D:3)
  3 dart slugs
  28 orcs
  9 endoplasms
  4 giant cockroaches
  2 hobgoblins
  4 jackals
  6 quokkas
  7 ball pythons
  2 bats
  5 frilled lizards
  5 goblins
  10 kobolds
  4 rats
182 creatures vanquished.

Notes
Turn   | Place    | Note
-------+----------+-------------------------------------------
     0 | D:1      | Dittersdorf the Human Fighter began the quest for the Orb.
     0 | D:1      | Reached XP level 1. HP: 18/18 MP: 1/1
     3 | D:1      | Found Desos's Weapon Shop.
    79 | D:1      | Reached XP level 2. HP: 16/24 MP: 2/2
   128 | D:1      | Found Fipil's General Store.
   412 | D:1      | Found Baots's Antique Weapon Emporium.
   465 | D:1      | Reached XP level 3. HP: 29/29 MP: 3/3
   950 | D:2      | Noticed Terence
   967 | D:1      | Killed Terence
   968 | D:1      | Reached XP level 4. HP: 6/34 MP: 4/4
  1484 | D:2      | Reached XP level 5. HP: 42/42 MP: 5/5
  1719 | D:3      | Found a faded altar of an unknown god.
  2346 | D:4      | Reached XP level 6. HP: 45/48 MP: 6/6
  2446 | D:4      | Noticed an ogre
  2477 | D:4      | Killed an ogre
  2478 | D:4      | Reached XP level 7. HP: 45/55 MP: 7/7
  2609 | D:4      | Noticed a steam dragon
  2617 | D:4      | Killed a steam dragon
  3040 | D:4      | Noticed Pikel
  3052 | D:4      | Killed Pikel
  3053 | D:4      | Reached skill level 5 in Fighting
  3053 | D:4      | Reached skill level 5 in Armour
  3053 | D:4      | Reached skill level 5 in Shields
  3053 | D:4      | Reached XP level 8. HP: 46/63 MP: 8/8
  3199 | D:4      | Reached skill level 5 in Long Blades
  3265 | D:5      | Identified the "Jataf"
  3265 | D:5      | Entered Level 5 of the Dungeon
  3302 | D:5      | Found a staircase to the Ecumenical Temple.
  3311 | Temple   | Entered the Ecumenical Temple
  3428 | D:5      | Reached XP level 9. HP: 68/69 MP: 9/9
  3823 | D:5      | Found a bloodstained altar of Trog.
  3867 | D:5      | Found a shimmering blue altar of Sif Muna.
  3939 | D:5      | Noticed Edmund
  3951 | D:5      | Killed Edmund
  4470 | D:6      | Found a stormy altar of Qazlal.
  5362 | D:7      | Found an ornate altar of the Wu Jian Council.
  5363 | D:7      | Found a basalt altar of Yredelemnul.
  5363 | D:7      | Found a shimmering altar of Xom.
  5364 | D:7      | Found a sparkling altar of Nemelex Xobeh.
  5397 | D:7      | Identified the +2 buckler of Daus {Will+ rCorr}
  5491 | D:7      | Reached XP level 10. HP: 79/79 MP: 10/10
  6487 | D:8      | Noticed a komodo dragon
  6493 | D:8      | Killed a komodo dragon
  6612 | D:8      | Found a staircase to the Lair.
  6842 | D:8      | Identified the ring "Vost" {rPois rF+ rC+ Int+6 Dex-2}
  6891 | D:8      | Found a sacrificial altar of Ru.
  7352 | D:9      | Noticed a two-headed ogre
  7360 | D:9      | Killed a two-headed ogre
  7495 | D:9      | Found a radiant altar of Vehumet.
  7533 | D:9      | Noticed a molten gargoyle
  7534 | D:9      | Noticed a molten gargoyle
  7536 | D:9      | Noticed a molten gargoyle
  7546 | D:9      | Killed from afar by a molten gargoyle

Illustrated notes

Levels and vault maps discovered:
D:1:      dpeg_arrival_connections, layout_basic, serial_shops,
          nicolae_shop_tiny_real_fake_doors, nicolae_shop_advertising_works
          [nicolae_subvault_shop_adworks], shop
D:2:      layout_rooms, uniq_terence
D:3:      kennysheep_big_flooded_room, layout_rooms,
          shapermc_ecumenical_altar_totnotflames
D:4:      black_bear_nest_2, layout_gridville, uniq_pikel
D:5:      layout_basic, nzn_overflow_gifts_of_might_and_magic,
          minmay_temple_entry_offerings, hangedman_abyss_or_decor_stabs,
          fountainhead, minmay_a_box_with_orc_wizards_in_it, uniq_edmund
D:6:      layout_basic, mainiacjoe_overflow_six_doors_small
D:7:      layout_basic, chequers_temple_overflow_statue_of_worship
D:8:      layout_cave_pods, nicolae_ru_the_path_less_chosen,
          david_lair_shrubbed, chequers_jeans, nicolae_underground_beach
D:9:      layout_basic, lemuel_doored_altar,
          pdpol_temple_overflow_zin_treasury_gozag_greed, serial_shops, shop,
          minmay_misc_feat_encased, minivault_8
Temple:   chequers_temple_sunken

Skill      XL: |  1  2  3  4  5  6  7  8  9 10 |
---------------+-------------------------------+-----
Long Blades    | 3 4 5 6 8 |  8.0
Fighting       | 4 5 6 7 8 |  8.4
Armour         | 4 5 6 7 8 |  8.4
Shields        | 4 5 6 7 8 |  8.4

Action                     |  1- 3 |  4- 6 |  7- 9 | 10-12 || total
---------------------------+-------+-------+-------+-------++-------
  Melee: Long sword        |    70 |    81 |   209 |    96 ||   456
    Use: Potion            |     1 |       |       |       ||     1
         Scroll            |       |     4 |    12 |     2 ||    18
 Armour: Scale mail        |    51 |    82 |    43 |       ||   176
         Chain mail        |       |       |   112 |    46 ||   158
  Dodge: Dodged            |    38 |    51 |    52 |    15 ||   156
  Block: Buckler           |    15 |    25 |   108 |    39 ||   187
         Reflection        |       |       |     4 |       ||     4

Table legend: (Time is in decaauts)
 A = Elapsed time spent in this place.
 B = Non-inter-level travel time spent in this place.
 C = Inter-level travel time spent in this place.
 D = Time resting spent in this place.
 E = Time spent auto-exploring this place.
 F = Levels seen in this place.
 G = Mean time per level.
                   A        B        C        D        E       F      G
               +--------+--------+--------+--------+--------+-----+--------+
         Total |   7637 |   7219 |    418 |   1335 |   4519 |  10 |  763.7 |
       Dungeon |   7636 |   7218 |    418 |   1335 |   4519 |   9 |  848.4 |
        Temple |      1 |      1 |      0 |      0 |      0 |   1 |    1.0 |
               +--------+--------+--------+--------+--------+-----+--------+

Top non-repeatable levels by time:
     D:5: 1147 daAuts
     D:1: 1042 daAuts
     D:4: 1026 daAuts
     D:8: 1015 daAuts
     D:7: 993 daAuts
     D:6: 893 daAuts
     D:3: 679 daAuts
     D:2: 569 daAuts
     D:9: 270 daAuts
  Temple: 1 daAuts
